 Dungeon Crawl Stone Soup version 0.31-a0-1169-gd935f9fcdc (webtiles) character file.

Game seed: 2896753550043902364

1255 GordonOverkill the Slicer (level 8, -4/21 HPs)
             Began as a Spriggan Delver on Dec 10, 2023.
             Splashed by a jelly's acid (11 damage)
             ... on level 4 of the Dungeon.
             The game lasted 00:22:09 (6901 turns).

GordonOverkill the Slicer (Spriggan Delver)         Turns: 6901, Time: 00:22:09

Health: -4/21      AC:  1    Str: 13    XL:     8   Next: 26%
Magic:  12/12      EV: 12    Int: 13    God:
Gold:   312        SH:  0    Dex: 17    Spells: 11/11 levels left

rFire   . . .        u - melded +0 rapier
rCold   . . .        (shield currently unavailable)
rNeg    . . .        b - melded +0 robe
rPois   +            (helmet currently unavailable)
rElec   .            (cloak currently unavailable)
rCorr   .            (gloves unavailable)
SInv    +            (boots unavailable)
Will    +....        (no amulet)
Stlth   ++++         a - ring of flight
HPRegen 0.23/turn    (no ring)
MPRegen 0.13/turn

%: no passive effects
@: snake-form, corroded, flying
A: constrict, reduced hp, large, no large weapons, unfitting armour, see
invisible, (speed 3)
a: Begin Untransformation


You were on level 4 of the Dungeon.
You were an enormous serpent.
You visited 1 branch of the dungeon, and saw 7 of its levels.
You also visited: Ossuary.

You collected 312 gold pieces.

Inventory:

Hand Weapons
 u - a +0 rapier (melded)
Armour
 b - a +0 robe (melded)
Magical Staves
 i - a staff of fire
Jewellery
 a - a ring of flight (left hand)
 C - a ring of wizardry
Talismans
 B - a serpent talisman (active)
 D - a maw talisman
Wands
 g - a wand of digging (3)
 v - a wand of mindburst (19)
Scrolls
 c - 2 scrolls of fog
 d - 3 scrolls of revelation
 e - 3 scrolls of fear
 h - a scroll of vulnerability {unknown}
 j - a scroll of poison {unknown}
 l - a scroll of immolation {unknown}
 n - a scroll of torment {unknown}
 o - a scroll of enchant weapon {unknown}
 q - 7 scrolls of identify {unknown}
 r - a scroll of silence {unknown}
 t - a scroll of summoning {unknown}
 y - 2 scrolls of noise {unknown}
 z - a scroll of amnesia {unknown}
Potions
 f - 4 potions of haste
 k - 4 potions of heal wounds {unknown}
 m - a potion of might
 p - a potion of ambrosia {unknown}
 s - a potion of mutation {unknown}
 w - a potion of curing {unknown}
 x - 2 potions of enlightenment {unknown}
 A - 2 potions of attraction {unknown}


   Skills:
 - Level 4.0 Fighting
 - Level 8.0 Short Blades
 - Level 5.6 Dodging
 - Level 7.2 Stealth
 + Level 0.0 Unarmed Combat
 - Level 2.0 Spellcasting
 - Level 2.0 Evocations
 * Level 4.3 Shapeshifting


You had 11 spell levels left.
You didn't know any spells.
Your spell library contained the following spells:

 Spells                   Type           Power      Damage    Failure   Level
 Apportation              Tloc           2%         N/A       26%         1
 Necrotise                Necr           4%         1d4       26%         1
 Summon Small Mammal      Summ           4%         N/A       26%         1
 Vhi's Electric Charge    Tloc/Air       2%         N/A       94%         4
 Arcjolt                  Conj/Air       0%         1d10      100%        5
 Plasma Beam              Fire/Air       0%         2x1d10    100%        6


Dungeon Overview and Level Annotations

Branches:
Dungeon (7/15)            Ossuary (visited)
 Temple: D:4-7

Altars:
Ashenzari
Dithmenos

Shops:
D:4 =


Innate Abilities, Weirdness & Mutations

You are an enormous serpent.
You have a powerful constriction melee attack.
Your maximum health is decreased, since you lack skill for your form.
Your armour is entirely melded.
You are incapable of wielding weapons or throwing items.
You are very small and have problems with some larger weapons.
You are too small for most types of armour.
You have supernaturally acute eyesight. (SInv)
((You cover ground extremely quickly. (Speed+++)))


Message History

You begin transforming.
You continue transforming. x3
You turn into an enormous serpent.
Your +0 rapier melds into your body.
Your +0 robe melds into your body.
Unknown command.
Unknown command.
Done exploring.
Done exploring.
Okay, then.
Unknown command.
Level map cleared.
There is an open door here.
There is an open door here.
A jelly is nearby!
A jelly is nearby!
A jelly is nearby!
A jelly is nearby!
A jelly is nearby!
The jelly barely misses you.
You lash the jelly!
Your hands burn!
The jelly is lightly wounded.
The jelly hits you but does no damage.
You lash the jelly! The acid corrodes you!
Your hands burn!
The jelly is heavily wounded.
The jelly barely misses you.
You lash the jelly!
Your hands burn!
The jelly is heavily wounded.
The jelly misses you.
You hit the jelly.
Your hands burn!
* * * LOW HITPOINT WARNING * * *
The jelly is severely wounded.
The jelly closely misses you.
You hit the jelly but do no damage.
Your hands burn!
* * * LOW HITPOINT WARNING * * *
The jelly is severely wounded.
The jelly hits you.
* * * LOW HITPOINT WARNING * * *
You are splashed with acid!
Ouch! That really hurt!
You die...

,*,,,*,*,*****,*,*,,,*'*,*,,*,,*,
,,,,,,,*,,,..,,*,,,,,,,*,,,,,,,,,
**,,,*****,,.#####,,,***,*,,*,**,
,,,,,,,*,,,,,..#.',,,,....,,*,**,
,*****,*'*,,,#'#.###*#.#.#,,*,,*,
,,,*,,,,,*,,,#.....#......,,,,,*,
,,,,,,,,,**'*#............,,,,,*)
,,,*,,,,,*,,,#..J..#...).#,,,,,*,
,**#**,*'*,..*'#S###.....,,,,,,>,
,+,..,,*,,..,,,#.....#.#**,*,,<*,
##...#####...#####...#.###.*,,,*,
,...,..#.',................,,,,,,
,#..,#'#.######.##........,,,,,*,
,*..,#.....# ##.##...#.###,*J,,*,
*##.##.....# #.........# *,**,,,,
##...#.....# ##.##.....# *,,,,,,,
..)..#'#.### #.*#...#.###.##,,*,


You could see a jelly.

Vanquished Creatures
  A phantom (D:4)
  9 scorpions
  3 jellies (D:4)
  A howler monkey (D:6)
  3 centaur zombies (Ossuary)
  2 human zombies (Ossuary)
  A sleepcap (D:4)
  An iguana (D:5)
  4 scorpion zombies (Ossuary)
  3 mummies (Ossuary)
  6 adders
  9 worms
  4 dart slugs
  6 orcs
  5 ball pythons
  8 endoplasms
  2 giant cockroaches
  4 gnoll zombies (Ossuary)
  5 goblins
  12 hobgoblins
  4 bats
  2 frilled lizards (D:2)
  5 goblin zombies (Ossuary)
  5 kobolds
  2 kobold zombies (Ossuary)
  An orc zombie (Ossuary)
  A rat (D:1)
109 creatures vanquished.

Notes
Turn   | Place    | Note
-------+----------+-------------------------------------------
     0 | D:5      | GordonOverkill the Spriggan Delver began the quest for the
                  | Orb.
     0 | D:5      | Reached XP level 1. HP: 11/11 MP: 2/2
    18 | D:6      | Noticed a howler monkey
    20 | D:6      | Killed a howler monkey
    21 | D:6      | Reached skill level 3 in Short Blades
    21 | D:6      | Reached skill level 1 in Evocations
    21 | D:6      | Reached XP level 2. HP: 16/16 MP: 3/3
    21 | D:6      | Reached XP level 3. HP: 20/20 MP: 4/4
    65 | D:7      | Noticed a sky beast
    80 | D:6      | Noticed a centaur
    80 | D:6      | Noticed an ogre
    98 | D:5      | Reached skill level 1 in Spellcasting
   101 | D:5      | Found a sand-covered staircase.
   111 | Ossuary  | Entered an ossuary
   125 | Ossuary  | Noticed a scorpion
   205 | Ossuary  | Killed a scorpion
   206 | Ossuary  | Reached skill level 4 in Short Blades
   206 | Ossuary  | Reached XP level 4. HP: 10/24 MP: 8/8
   299 | Ossuary  | Reached XP level 5. HP: 11/28 MP: 9/9
   451 | Ossuary  | Reached skill level 5 in Short Blades
   587 | Ossuary  | Reached XP level 6. HP: 32/32 MP: 10/10
   601 | Ossuary  | Reached skill level 6 in Short Blades
   651 | Ossuary  | Reached skill level 7 in Short Blades
  1049 | Ossuary  | Reached XP level 7. HP: 31/36 MP: 11/11
  1242 | Ossuary  | HP: 1/37 [poisoned by a scorpion]
  1612 | Ossuary  | Reached skill level 8 in Short Blades
  2226 | D:4      | Found Qeogaot's Jewellery Emporium.
  2838 | D:3      | Reached skill level 5 in Dodging
  4444 | D:2      | Reached XP level 8. HP: 42/42 MP: 12/12
  4578 | D:1      | Found a faded altar of an unknown god.
  4832 | D:1      | Reached skill level 1 in Shapeshifting
  6140 | D:4      | HP: 1/42 [acid (5)]
  6445 | D:4      | Found a shadowy altar of Dithmenos.
  6446 | D:4      | Found a broken altar of Ashenzari.
  6901 | D:4      | Splashed by a jelly's acid

Illustrated notes

Levels and vault maps discovered:
D:1:      dpeg_arrival_pits, layout_loops_ring, ebering_ecumenical_altar_hall
D:2:      layout_basic
D:3:      layout_loops_cross, minmay_increasing_density
D:4:      nicolae_cairo_tiling_large, layout_basic,
          mainiacjoe_overflow_catch_the_wave, serial_shops,
          nicolae_shop_gaudy_bauble
D:5:      layout_loops_ring, nicolae_yredelemnul_corpse_copse,
          lemuel_doored_altar, enter_ossuary_1
D:6:      layout_rooms, minmay_temple_entry_proselytizer,
          chequers_serial_rivers_large_a
D:7:      layout_basic, nemelex_diamond_rough_becter, zin_academy,
          grunt_qazlal_sundering

Skill      XL: |  1  2  3  4  5  6  7  8 |
---------------+-------------------------+-----
Fighting       | 3 4 |  4.0
Short Blades   | 3 4 5 7 8 |  8.0
Evocations     | 1 2 |  2.0
Spellcasting   | 2 |  2.0
Dodging        | 5 |  5.6
Shapeshifting  | 4 |  4.3
Stealth        | |  7.2

Action                     |  1- 3 |  4- 6 |  7- 9 || total
---------------------------+-------+-------+-------++-------
  Melee: Short sword       |    20 |   150 |   251 ||   421
         Punch             |     1 |     2 |     4 ||     7
         Rapier            |       |       |   220 ||   220
         Unarmed           |       |       |     5 ||     5
    Use: Potion            |     1 |     1 |       ||     2
   Stab: Sleeping          |     2 |     3 |    31 ||    36
         Invisible         |     1 |       |       ||     1
         Distracted        |       |       |     2 ||     2
 Armour: Robe              |     3 |    61 |    90 ||   154
         Skin              |       |       |     2 ||     2
  Dodge: Dodged            |     8 |    91 |   208 ||   307
   Form: Serpent           |       |       |     1 ||     1

Table legend: (Time is in decaauts)
 A = Elapsed time spent in this place.
 B = Non-inter-level travel time spent in this place.
 C = Inter-level travel time spent in this place.
 D = Time resting spent in this place.
 E = Time spent auto-exploring this place.
 F = Levels seen in this place.
 G = Mean time per level.
                   A        B        C        D        E       F      G
               +--------+--------+--------+--------+--------+-----+--------+
         Total |   5078 |   4932 |    146 |   1765 |   1586 |   8 |  634.8 |
       Dungeon |   3757 |   3611 |    146 |   1000 |   1577 |   7 |  536.7 |
       Ossuary |   1321 |   1321 |      0 |    765 |      8 |   1 | 1321.0 |
               +--------+--------+--------+--------+--------+-----+--------+

Top non-repeatable levels by time:
 Ossuary: 1321 daAuts
     D:4: 1278 daAuts
     D:3: 1057 daAuts
     D:2: 758 daAuts
     D:1: 408 daAuts
     D:5: 203 daAuts
     D:6: 46 daAuts
     D:7: 4 daAuts
